 Dungeon Crawl Stone Soup version 0.30.1-11-g7821555f0a (webtiles) character file.

Game seed: 3201983026422556515

33 lonewolfV2 the Trooper (level 3, -2/30 HPs)
             Began as a Formicid Fighter on Nov 15, 2023.
             Slain by an adder (3 damage)
             ... on level 2 of the Dungeon.
             The game lasted 00:01:11 (801 turns).

lonewolfV2 the Trooper (Formicid Fighter)            Turns: 801, Time: 00:01:12

Health: -2/30      AC:  6    Str: 26    XL:     3   Next: 47%
Magic:  3/3        EV:  9    Int:  7    God:
Gold:   60         SH:  5    Dex: 15    Spells: 2/2 levels left

rFire   . . .        a - +0 war axe
rCold   . . .        c - +0 buckler
rNeg    . . .        b - +0 scale mail
rPois   .            (helmet unavailable)
rElec   .            (no cloak)
rCorr   +            (no gloves)
SInv    +            (no boots)
Will    .....        (no amulet) Stlth
                     h - ring of resist corrosion
HPRegen 0.25/turn    j - +6 ring of strength
MPRegen 0.08/turn

%: no passive effects
@: no status effects
A: permanent stasis, dig shafts and tunnels, antennae 3, four strong arms
a: Dig, Shaft Self


You were on level 2 of the Dungeon.
You visited 1 branch of the dungeon, and saw 2 of its levels.

You collected 60 gold pieces.

Inventory:

Hand Weapons
 a - a +0 war axe (weapon)
Armour
 b - a +0 scale mail (worn)
 c - a +0 buckler (worn)
Jewellery
 h - a ring of resist corrosion (left hand)
 j - a +6 ring of strength (right hand)
Scrolls
 g - a scroll of fog
Potions
 e - a potion of curing {unknown}
 f - 2 potions of resistance {unknown}


   Skills:
 + Level 4.1 Fighting
 + Level 2.9 Axes
 - Level 3.2 Armour
 - Level 4.0 Shields


You had 2 spell levels left.
You didn't know any spells.
Your spell library was empty.

Dungeon Overview and Level Annotations

Branches:
Dungeon (2/15)

Altars:

Annotations:
D:2 Jessica


Innate Abilities, Weirdness & Mutations

You cannot be hasted, slowed, berserked, paralysed or teleported.
You can dig through walls and to a lower floor.
You have a pair of large antennae on your head. (SInv)
Your four strong arms can wield two-handed weapons with a shield.


Message History

The hobgoblin hits you but does no damage.
The endoplasm barely misses you.
You hit the endoplasm.
You kill the endoplasm!
You completely miss the hobgoblin. The hobgoblin hits you.
The hobgoblin hits you but does no damage.
You hit the hobgoblin but do no damage.
The hobgoblin is severely wounded.
You hit the hobgoblin.
Jessica gestures wildly while chanting.
Jessica blinks!
The hobgoblin hits you but does no damage.
The hobgoblin barely misses you. The hobgoblin hits you. x2
You closely miss the hobgoblin.
The hobgoblin is severely wounded.
You barely miss the hobgoblin. You slash the adder!
The adder bites you but does no damage.
Jessica looks very angry.
The hobgoblin closely misses you. The hobgoblin hits you.
You closely miss the hobgoblin.
The hobgoblin is severely wounded.
You hit the adder. You closely miss the hobgoblin.
The adder bites you but does no damage. Jessica says, "Why did you come here?"
Jessica gestures wildly while chanting.
Jessica seems to speed up.
You block the hobgoblin's attack.
The hobgoblin hits you but does no damage.
A rat comes into view.
You block the adder's attack.
You hit the hobgoblin.
You kill the hobgoblin!
You hit the hobgoblin. You closely miss the adder.
The adder closely misses you. The hobgoblin hits you.
The adder barely misses you.
The hobgoblin hits you but does no damage.
Jessica points at you and mumbles some strange words.
Pain shoots through your body!
* * * LOW HITPOINT WARNING * * *
The adder attacks as you move away! The adder bites you.
You die...

#..#.. #...
#....# ....
#....# .....
#....# .....##
#....#
.......##<...#
........g...)#
>......@.@...####
#.....S........
#...........#..
#..............
##.....[.......
#......r.......
#...##.#.###...
#... #.... ..#
.... ...... #.


You could see an adder, Jessica (fast), a hobgoblin and a rat.

Vanquished Creatures
  A gnoll (D:1)
  2 endoplasms
  A giant cockroach (D:1)
  4 goblins (D:1)
  2 hobgoblins
  3 jackals (D:1)
  2 kobolds (D:1)
  A quokka (D:1)
  A ball python (D:1)
  A bat (D:1)
  2 frilled lizards (D:1)
20 creatures vanquished.

Notes
Turn   | Place    | Note
-------+----------+-------------------------------------------
     0 | D:1      | lonewolfV2 the Formicid Fighter began the quest for the
                  | Orb.
     0 | D:1      | Reached XP level 1. HP: 18/18 MP: 1/1
   158 | D:1      | Reached XP level 2. HP: 19/24 MP: 2/2
   363 | D:1      | Reached XP level 3. HP: 27/30 MP: 3/3
   791 | D:2      | Noticed Jessica
   800 | D:2      | HP: 1/30 [Jessica/nerve-wracking pain (12)]
   801 | D:2      | Slain by an adder

Illustrated notes

Levels and vault maps discovered:
D:1:      spicycebolla_arrival_transporter_tutorial, layout_rooms
D:2:      layout_rooms, uniq_jessica

Skill      XL: |  1  2  3 |
---------------+----------+-----
Fighting       | 4 |  4.1
Axes           | |  2.9
Armour         | |  3.2
Shields        | |  4.0

Action                     || total
---------------------------++-------
  Melee: War axe           ||    50
    Use: Scroll            ||     3
         Potion            ||     1
 Armour: Scale mail        ||    34
  Dodge: Dodged            ||    35
  Block: Buckler           ||    18
